 Dungeon Crawl Stone Soup version 0.26-a0-812-g31a745ddcd (webtiles) character file.

Game seed: 3719484982626470788

270 raph the Gusty (level 6, -1/32 HPs)
             Began as a Deep Elf Air Elementalist on Nov 21, 2020.
             Was a Follower of Kikubaaqudgha.
             Slain by an orc warrior
             ... wielding a +0 battleaxe
              (21 damage)
             ... on level 3 of the Dungeon.
             The game lasted 00:11:15 (3989 turns).

raph the Gusty (Deep Elf Air Elementalist)          Turns: 3989, Time: 00:11:16

Health: -1/32      AC:  4    Str:  6    XL:     6   Next: 1%
Magic:  6/14       EV: 14    Int: 21    God:    Kikubaaqudgha [*.....]
Gold:   64         SH:  0    Dex: 15    Spells: 5/13 levels left

rFire    . . .     SeeInvis .   h - +1 dagger
rCold    . . .     Faith    .   (no shield)
rNeg     . . .     Spirit   .   a - +0 robe
rPois    .         Reflect  .   (no helmet)
rElec    .         Harm     .   (no cloak)
rCorr    .         Rampage  .   (no gloves)
MR       .....                  j - +1 pair of boots
Stlth    ++........             (no amulet)
HPRegen  0.10/turn              (no ring)
MPRegen  0.14/turn              (no ring)

@: no status effects
A: no striking features
a: Receive Corpses, Renounce Religion


You were on level 3 of the Dungeon.
You worshipped Kikubaaqudgha.
Kikubaaqudgha was aware of your devotion.
You visited 1 branch of the dungeon, and saw 3 of its levels.

You collected 154 gold pieces.
You spent 90 gold pieces at shops.

Inventory:

Hand Weapons
 h - a +1 dagger (weapon)
Armour
 a - a +0 robe (worn)
 j - a +1 pair of boots (worn)
Scrolls
 e - 2 scrolls of teleportation
 f - 2 scrolls of remove curse
 n - 2 scrolls of enchant weapon
Potions
 b - 2 potions of resistance
 c - a potion of berserk rage {unknown}
 d - 2 potions of attraction
 g - 2 potions of heal wounds
 k - 3 potions of curing
 m - a potion of magic {unknown}


   Skills:
 + Level 3.7 Dodging
 - Level 3.0 Stealth
 + Level 4.2 Spellcasting
 - Level 2.5 Conjurations
 * Level 2.3 Necromancy
 * Level 4.6 Air Magic


You had 5 spell levels left.
You knew the following spells:

 Your Spells              Type           Power        Failure   Level
a - Shock                 Conj/Air       ###.         2%          1
b - Swiftness             Air            ###.....     2%          2
c - Airstrike             Air            ###.......   17%         4
d - Pain                  Necr           ##..         4%          1

Your spell library contained the following spells:

 Spells                   Type           Power        Failure   Level
 Animate Skeleton         Necr           ##....       4%          1
 Sublimation of Blood     Necr           ##........   7%          2
 Static Discharge         Conj/Air       ###.....     9%          3
 Vampiric Draining        Necr           ##........   13%         3
 Confusing Touch          Hex            #.......     34%         3
 Gell's Gravitas          Tloc           #.........   34%         3
 Lightning Bolt           Conj/Air       ###.......   58%         5
 Petrify                  Tmut/Erth      #.......     75%         4
 Metabolic Englaciation   Hex/Ice        #.........   97%         5
 Yara's Violent Unravell  Hex/Tmut       #.........   97%         5


Dungeon Overview and Level Annotations

Branches:
Dungeon (3/15)

Altars:
Kikubaaqudgha
Zin


Message History

The zap hits the orc warrior but does no damage.
The orc warrior is heavily wounded.
The zap hits the orc warrior but does no damage.
The orc warrior is heavily wounded.
The zap hits the orc.
You kill the orc!
Kikubaaqudgha accepts your kill. The orc warrior misses you.
Casting: Shock (safe; 2% risk of failure)
Confirm with . or Enter, or press ? or * to list all spells.
Aiming: Shock (safe; 2% risk of failure)
Press: ? - help, Shift-Dir - straight line The zap hits the orc warrior.
The orc warrior is severely wounded.
The zap hits the orc warrior.
The orc warrior is almost dead.
The orc warrior hits you with a +0 battleaxe!!
Ouch! That really hurt!
You die...
Kikubaaqudgha rasps: "You have failed me!
Welcome... death!"

.....# #.# #..# ####.#
#o########### #..## #.#
#...<.......#####...† #.#
#####.(.........##.## ####.#
#.#####.###.##.# ...#.# #.#
#.# #.##.# ##.#.# #)# #.#
#.##.# #.#.# ##########o#
###.# #.##.## ##.#.#
#......>.@.# #...# #.#...#
..[#.# #.#######..# #.###
#.#...# .....# #.# #..# #.#
#.#...# ########.# #..# #.#
#.###<#
.........#######..###.## #.#
#.#
########..........##...####.#
#.#
#.#######..†.........###.#
#####†#####
#.###...##.###...#
*#.........# #.# ##.###.#
#.#).


You could see an orc warrior.

Vanquished Creatures
  3 orc priests (D:3)
  Jessica (D:2)
  5 adders (D:3)
  3 gnolls (D:3)
  4 dart slugs
  2 worms
  3 leopard geckos (D:3)
  7 orcs (D:3)
  A ball python (D:2)
  2 giant cockroaches
  7 goblins
  3 hobgoblins
  2 jackals (D:1)
  10 kobolds
  4 bats
  2 frilled lizards
  11 rats
70 creatures vanquished.

Notes
Turn   | Place    | Note
-------+----------+-------------------------------------------
     0 | D:1      | raph the Deep Elf Air Elementalist began the quest for the
                  | Orb.
     0 | D:1      | Reached XP level 1. HP: 10/10 MP: 6/6
   361 | D:1      | Reached XP level 2. HP: 15/15 MP: 2/8
   521 | D:1      | Learned a level 2 spell: Swiftness
  1568 | D:2      | Reached XP level 3. HP: 19/19 MP: 5/9
  1762 | D:2      | Noticed Jessica
  1771 | D:2      | Killed Jessica
  1995 | D:2      | Found an ancient bone altar of Kikubaaqudgha.
  2002 | D:2      | Became a worshipper of Kikubaaqudgha
  2373 | D:3      | Reached XP level 4. HP: 24/24 MP: 3/11
  2456 | D:3      | Found Zin's Purification Station.
  2456 | D:3      | Found a glowing silver altar of Zin.
  2563 | D:3      | Bought a potion of curing for 90 gold pieces
  2773 | D:3      | Learned a level 4 spell: Airstrike
  2896 | D:3      | Reached skill level 1 in Necromancy
  3442 | D:3      | Reached XP level 5. HP: 28/28 MP: 5/12
  3449 | D:3      | Reached * piety under Kikubaaqudgha
  3449 | D:3      | Identified Kikubaaqudgha's Handbook of Black Arts
                  | (Kikubaaqudgha gifted it to you on level 3 of the Dungeon)
  3449 | D:3      | Received a gift from Kikubaaqudgha
  3695 | D:3      | Learned a level 1 spell: Pain
  3804 | D:3      | Noticed an orc warrior
  3910 | D:3      | Reached XP level 6. HP: 32/32 MP: 14/14
  3989 | D:3      | Slain by an orc warrior

Illustrated notes

Levels and vault maps discovered:
D:1:      lightli_arrival_windingriver, layout_loops_corners, serial_rivers,
          chequers_serial_rivers_micro_c, chequers_serial_rivers_marsh,
          chequers_serial_rivers_marsh, chequers_serial_rivers_micro_e,
          chequers_serial_rivers_large_a
D:2:      layout_loops_corners, nicolae_overflow_crystal_walls, uniq_jessica
D:3:      layout_loops_ring, zin_purify

Skill      XL: |  1  2  3  4  5 |
---------------+----------------+-----
Stealth        | 3 |  3.0
Conjurations   | 2 |  2.5
Dodging        | 3 |  3.7
Necromancy     | 1 2 |  2.3
Air Magic      | 4 |  4.6
Spellcasting   | 4 |  4.2

Action                   |  1- 3 |  4- 6 || total
-------------------------+-------+-------++-------
Melee: Hand axe          |       |    13 ||    13
       Dagger            |       |     2 ||     2
 Cast: Shock             |    73 |    89 ||   162
       Pain              |       |     4 ||     4
  Use: Scroll            |       |    10 ||    10
       Potion            |       |     1 ||     1
 Stab: Sleeping          |       |     2 ||     2
Armor: Robe              |       |     3 ||     3
Dodge: Dodged            |     3 |    20 ||    23

Table legend: (Time is in decaauts)
 A = Elapsed time spent in this place.
 B = Non-inter-level travel time spent in this place.
 C = Inter-level travel time spent in this place.
 D = Time resting spent in this place.
 E = Time spent auto-exploring this place.
 F = Levels seen in this place.
 G = Mean time per level.
                   A        B        C        D        E       F      G
               +--------+--------+--------+--------+--------+-----+--------+
         Total |   4002 |   3950 |     52 |   1621 |   1799 |   3 | 1334.0 |
       Dungeon |   4002 |   3950 |     52 |   1621 |   1799 |   3 | 1334.0 |
               +--------+--------+--------+--------+--------+-----+--------+

Top non-repeatable levels by time:
     D:3: 1624 daAuts
     D:1: 1197 daAuts
     D:2: 1181 daAuts
